ORI
UNIVERSITY OF MAINE BLACK BEARS @ OREGON STATE UNIVERSITY BEAVERS
12/12/2048
 
TOP OF THE 1ST
University of Maine Black Bears batting - Pitching for Oregon State University Beavers : LHP Gil Guzman
Pitching: LHP Gil Guzman
Batting: RHB Justin Degon 0-0: Fly out, F9 (Flyball, 89S, EV 90.0 MPH)
Batting: LHB Dave Aguilar 0-0: Called Strike
0-1: Foul Ball, location: 2F
0-2: Strikes out swinging
Batting: RHB Rewa Havika 0-0: Foul Ball, location: 2F
0-1: Foul Ball, location: 2F
0-2: Ground out 6-3 (Groundball, 6, EV 83.1 MPH)
Top of the 1st over - 0 runs, 0 hits, 0 errors, 0 left on base; University of Maine 0 - Oregon State University 0
BOTTOM OF THE 1ST
Oregon State University Beavers batting - Pitching for University of Maine Black Bears : RHP Tomoaki Sumi
Pitching: RHP Tomoaki Sumi
Batting: RHB Rafael Ventura 0-0: Ball
1-0: Swinging Strike
1-1: Ball
2-1: Foul Ball, location: 2F
2-2: Foul Ball, location: 2F
2-2: Ball
3-2: SINGLE (Groundball, 34D, EV 90.6 MPH) (infield hit)
Batting: RHB Israel Soto 0-0: Called Strike
0-1: SINGLE (Groundball, 6S, EV 75.0 MPH) (infield hit)
Rafael Ventura to second
Batting: RHB Luis Flores 0-0: Swinging Strike
0-1: Ball
1-1: Foul Ball, location: 2F
1-2: Ball
2-2: Strikes out swinging
Batting: RHB Oscar Munoz 0-0: Called Strike
0-1: Foul Ball, location: 2F
0-2: Ball
1-2: Foul Ball, location: 2F
1-2: Foul Ball, location: 2F
1-2: Ball
2-2: Ball
3-2: Fielders Choice at 2nd, 6-4 (Groundball, 6, EV 104.4 MPH)
Rafael Ventura to third
Batting: LHB Jason Trevarrow 0-0: Called Strike
0-1: Ball
1-1: Ball
2-1: Swinging Strike
2-2: Strikes out swinging
Bottom of the 1st over - 0 runs, 2 hits, 0 errors, 2 left on base; University of Maine 0 - Oregon State University 0
TOP OF THE 2ND
University of Maine Black Bears batting - Pitching for Oregon State University Beavers : LHP Gil Guzman
Batting: LHB Taro Inamine 0-0: Ball
1-0: Fly out, F5 (Popup, 56, EV 65.0 MPH)
Batting: LHB Ed Leighton 0-0: Called Strike
0-1: DOUBLE (Groundball, 3L, EV 105.6 MPH)
Batting: RHB Wang Huan 0-0: Ball
1-0: SINGLE (Line Drive, 78S, EV 110.0 MPH)
Ed Leighton to third
Batting: LHB John Knox 0-0: Ball
1-0: Foul Ball, location: 2F
1-1: Fielders Choice at 2nd, 1-4 (Groundball, 25, EV 68.1 MPH)
Batting: RHB Pita Arnurna 0-0: Called Strike
0-1: Called Strike
0-2: Ball
1-2: Ball
2-2: SINGLE (Groundball, 34D, EV 95.0 MPH)
Ed Leighton scores
John Knox to second
Runner from 2nd tries for 3rd, SAFE, no throw by RF
Batting: LHB John Bergeron 0-0: Ball
1-0: Foul Ball, location: 2F
1-1: Swinging Strike
1-2: Ball
2-2: Ball
3-2: DOUBLE (Line Drive, 89D, EV 96.9 MPH)
John Knox scores
Pita Arnurna to third
Pita Arnurna scores
Batting: RHB Justin Degon 0-0: Foul Ball, location: 2F
0-1: Ball
1-1: Called Strike
1-2: Strikes out swinging
Top of the 2nd over - 3 runs, 4 hits, 0 errors, 1 left on base; University of Maine 3 - Oregon State University 0
BOTTOM OF THE 2ND
Oregon State University Beavers batting - Pitching for University of Maine Black Bears : RHP Tomoaki Sumi
Batting: LHB Jon Hamilton 0-0: Called Strike
0-1: Swinging Strike
0-2: Ball
1-2: Ball
2-2: Strikes out looking
Batting: SHB Manny Zatarain 0-0: Ball
1-0: Swinging Strike
1-1: Foul Ball, location: 2F
1-2: Ball
2-2: Strikes out swinging
Batting: RHB Kyle McCunn 0-0: Ball
1-0: Fly out, F8 (Line Drive, 89M, EV 93.8 MPH)
Bottom of the 2nd over - 0 runs, 0 hits, 0 errors, 0 left on base; University of Maine 3 - Oregon State University 0
TOP OF THE 3RD
University of Maine Black Bears batting - Pitching for Oregon State University Beavers : LHP Gil Guzman
Batting: LHB Dave Aguilar 0-0: Foul Ball, location: 2F
0-1: Ground out U3 (Groundball, 3S, EV 75.6 MPH)
Batting: RHB Rewa Havika 0-0: Called Strike
0-1: Ball
1-1: Swinging Strike
1-2: Strikes out swinging
Batting: LHB Taro Inamine 0-0: Ball
1-0: Foul Ball, location: 2F
1-1: Called Strike
1-2: Ball
2-2: Foul Ball, location: 2F
2-2: Strikes out swinging
Top of the 3rd over - 0 runs, 0 hits, 0 errors, 0 left on base; University of Maine 3 - Oregon State University 0
BOTTOM OF THE 3RD
Oregon State University Beavers batting - Pitching for University of Maine Black Bears : RHP Tomoaki Sumi
Batting: SHB Sosaia Apelahama 0-0: Called Strike
0-1: Ball
1-1: Foul Ball, location: 2F
1-2: Strikes out looking
Batting: RHB Rafael Ventura 0-0: Called Strike
0-1: Called Strike
0-2: Ball
1-2: Ball
2-2: Ground out 4-3 (Groundball, 13, EV 85.0 MPH)
Batting: RHB Israel Soto 0-0: Foul Ball, location: 2F
0-1: Ball
1-1: Ball
2-1: Foul Ball, location: 2F
2-2: Ball
3-2: Base on Balls
Batting: RHB Luis Flores 0-0: Called Strike
Israel Soto is caught stealing 2nd base 2-4
Bottom of the 3rd over - 0 runs, 0 hits, 0 errors, 0 left on base; University of Maine 3 - Oregon State University 0
TOP OF THE 4TH
University of Maine Black Bears batting - Pitching for Oregon State University Beavers : LHP Gil Guzman
Batting: LHB Ed Leighton 0-0: Swinging Strike
0-1: SINGLE (Groundball, 5L, EV 100.6 MPH) (infield hit)
Batting: RHB Wang Huan 0-0: Swinging Strike
0-1: Ball
1-1: Fielders Choice at 2nd, 4-6 (Groundball, 4, EV 85.6 MPH)
Batting: LHB John Knox 0-0: Ball
Wang Huan steals 2nd base
1-0: Called Strike
1-1: 2-RUN HOME RUN (Flyball, 9LD, EV 96.9 MPH), Distance : 350 ft
Batting: RHB Pita Arnurna 0-0: Ball
1-0: Ground out 1-3 (Groundball, 13S, EV 65.0 MPH)
Batting: LHB John Bergeron 0-0: Foul Ball, location: 2F
0-1: Foul Ball, location: 2F
0-2: Ball
1-2: Foul Ball, location: 2F
1-2: Strikes out swinging, 2-3 out at first.
Top of the 4th over - 2 runs, 2 hits, 0 errors, 0 left on base; University of Maine 5 - Oregon State University 0
BOTTOM OF THE 4TH
Oregon State University Beavers batting - Pitching for University of Maine Black Bears : RHP Tomoaki Sumi
Batting: RHB Luis Flores 0-0: Ball
1-0: SINGLE (Groundball, 56D, EV 106.9 MPH)
Batting: RHB Oscar Munoz 0-0: Called Strike
0-1: Called Strike
0-2: Ball
1-2: Ball
2-2: Ball
3-2: Fielders Choice at 2nd, 5-4 (Groundball, 56, EV 99.4 MPH)
Batting: LHB Jason Trevarrow 0-0: Ball
1-0: Ball
2-0: Called Strike
2-1: Called Strike
2-2: Foul Ball, location: 2F
2-2: Strikes out swinging
Batting: LHB Jon Hamilton 0-0: Swinging Strike
0-1: Foul Ball, location: 2F
0-2: Ball
1-2: Strikes out swinging
Bottom of the 4th over - 0 runs, 1 hit, 0 errors, 1 left on base; University of Maine 5 - Oregon State University 0
TOP OF THE 5TH
University of Maine Black Bears batting - Pitching for Oregon State University Beavers : LHP Gil Guzman
Batting: RHB Justin Degon 0-0: Ball
1-0: Ball
2-0: Called Strike
2-1: Ball
3-1: Swinging Strike
3-2: SINGLE (Groundball, 56, EV 94.4 MPH)
Batting: LHB Dave Aguilar 0-0: Ball
Justin Degon is caught stealing 2nd base 2-6
1-0: Foul Ball, location: 2F
1-1: Ball
2-1: Single, Error in OF, E8, batter to second base (Groundball, 4MD, EV 108.1 MPH)
Batting: RHB Rewa Havika 0-0: Ball
Dave Aguilar is caught stealing 3rd base 2-5
1-0: Foul Ball, location: 2F
1-1: Foul Ball, location: 2F
1-2: Ball
2-2: Fly out, F8 (Flyball, 78D, EV 96.2 MPH)
Top of the 5th over - 0 runs, 2 hits, 1 error, 0 left on base; University of Maine 5 - Oregon State University 0
BOTTOM OF THE 5TH
Oregon State University Beavers batting - Pitching for University of Maine Black Bears : RHP Tomoaki Sumi
Batting: SHB Manny Zatarain 0-0: Ball
1-0: Called Strike
1-1: Ball
2-1: Foul Ball, location: 2F
2-2: Strikes out looking
Pitching: RHP Jorge Gutierrez
Batting: RHB Kyle McCunn 0-0: Swinging Strike
0-1: Ball
1-1: Called Strike
1-2: Strikes out swinging
Batting: SHB Sosaia Apelahama 0-0: Ball
1-0: Ground out 4-3 (Groundball, 4D, EV 92.5 MPH)
Bottom of the 5th over - 0 runs, 0 hits, 0 errors, 0 left on base; University of Maine 5 - Oregon State University 0
TOP OF THE 6TH
University of Maine Black Bears batting - Pitching for Oregon State University Beavers : LHP Gil Guzman
Batting: LHB Taro Inamine 0-0: Ball
1-0: Swinging Strike
1-1: Foul Ball, location: 2F
1-2: Foul Ball, location: 2F
1-2: Strikes out swinging
Pitching: RHP Cody Alcaraz
Batting: LHB Ed Leighton 0-0: SINGLE (Groundball, 25, EV 54.4 MPH) (infield hit)
Batting: RHB Wang Huan 0-0: Ball
1-0: Foul Ball, location: 2F
1-1: Ground out 3-1 (Groundball, 34S, EV 86.9 MPH)
Ed Leighton to second
Batting: LHB John Knox 0-0: Ball
1-0: Swinging Strike
1-1: Called Strike
1-2: Fly out, F9 (Flyball, 89XD, EV 85.6 MPH)
Top of the 6th over - 0 runs, 1 hit, 0 errors, 1 left on base; University of Maine 5 - Oregon State University 0
BOTTOM OF THE 6TH
Oregon State University Beavers batting - Pitching for University of Maine Black Bears : RHP Jorge Gutierrez
Batting: RHB Rafael Ventura 0-0: Ball
1-0: Ball
2-0: Called Strike
2-1: Swinging Strike
2-2: Ball
3-2: Ground out 5-3 (Groundball, 56S, EV 84.4 MPH)
Batting: RHB Israel Soto 0-0: Ball
1-0: Ball
2-0: Ball
3-0: Base on Balls
Batting: RHB Luis Flores 0-0: Called Strike
0-1: Fly out, F7 (Flyball, 78XD, EV 90.0 MPH)
Batting: RHB Oscar Munoz 0-0: Called Strike
0-1: Foul Ball, location: 2F
0-2: Ball
1-2: Ball
2-2: Ball
3-2: DOUBLE (Flyball, 89XD, EV 98.1 MPH)
Israel Soto to third
Israel Soto scores
Batting: LHB Jason Trevarrow 0-0: Ball
1-0: Ball
2-0: Ball
3-0: Base on Balls
Batting: LHB Jon Hamilton 0-0: Ball
1-0: SINGLE (Groundball, 34D, EV 105.0 MPH)
Oscar Munoz to third
Jason Trevarrow to second
Runner from 3rd tries for Home, SAFE, throw by RF to home
Batting: SHB Manny Zatarain 0-0: Ball
1-0: Swinging Strike
1-1: Called Strike
1-2: Foul Ball, location: 2F
1-2: Strikes out swinging
Bottom of the 6th over - 2 runs, 2 hits, 0 errors, 2 left on base; University of Maine 5 - Oregon State University 2
TOP OF THE 7TH
University of Maine Black Bears batting - Pitching for Oregon State University Beavers : RHP Cody Alcaraz
Batting: RHB Pita Arnurna 0-0: Ball
1-0: Ball
2-0: Foul Ball, location: 2F
2-1: Ball
3-1: Base on Balls
Batting: LHB John Bergeron 0-0: Called Strike
0-1: Foul Ball, location: 2F
0-2: Strikes out swinging
Batting: RHB Justin Degon 0-0: Called Strike
0-1: SINGLE (Groundball, 34, EV 88.1 MPH) (infield hit)
Pita Arnurna to second
Batting: LHB Dave Aguilar 0-0: Swinging Strike
0-1: Ball
1-1: Fielders Choice at 2nd, 5-4 (Groundball, 56, EV 81.9 MPH)
Pita Arnurna to third
Batting: RHB Rewa Havika 0-0: Called Strike
0-1: Ball
1-1: 3-RUN HOME RUN (Flyball, 8RXD, EV 107.5 MPH), Distance : 439 ft
Pitching: RHP Josh Palmquist
Batting: LHB Taro Inamine 0-0: Foul Ball, location: 2F
0-1: Ball
1-1: Fly out, F9 (Flyball, 9S, EV 93.1 MPH)
Top of the 7th over - 3 runs, 2 hits, 0 errors, 0 left on base; University of Maine 8 - Oregon State University 2
BOTTOM OF THE 7TH
Oregon State University Beavers batting - Pitching for University of Maine Black Bears : RHP Jorge Gutierrez
Batting: RHB Kyle McCunn 0-0: Foul Ball, location: 2F
0-1: Ball
1-1: Ball
2-1: Ball
3-1: Base on Balls
Pitching: RHP Shizue Morimoto
Batting: SHB Sosaia Apelahama 0-0: Called Strike
0-1: Ball
Kyle McCunn is caught stealing 2nd base 2-6
1-1: Ground out 6-3 (Groundball, 6, EV 91.2 MPH)
Batting: RHB Rafael Ventura 0-0: Called Strike
0-1: Ball
1-1: Ball
2-1: Ground out 3-1 (Groundball, 34, EV 88.1 MPH)
Bottom of the 7th over - 0 runs, 0 hits, 0 errors, 0 left on base; University of Maine 8 - Oregon State University 2
TOP OF THE 8TH
University of Maine Black Bears batting - Pitching for Oregon State University Beavers : RHP Josh Palmquist
Batting: LHB Ed Leighton 0-0: Ball
1-0: Ground out 5-3 (Groundball, 56, EV 101.2 MPH)
Batting: RHB Wang Huan 0-0: Ball
1-0: Called Strike
1-1: Ground out 1-3 (Groundball, 15, EV 71.9 MPH)
Batting: LHB John Knox 0-0: Ball
1-0: Called Strike
1-1: Ball
2-1: Called Strike
2-2: Foul Ball, location: 2F
2-2: Ball
3-2: Strikes out swinging
Top of the 8th over - 0 runs, 0 hits, 0 errors, 0 left on base; University of Maine 8 - Oregon State University 2
BOTTOM OF THE 8TH
Oregon State University Beavers batting - Pitching for University of Maine Black Bears : RHP Shizue Morimoto
Batting: RHB Israel Soto 0-0: Called Strike
0-1: Fly out, F8 (Line Drive, 8LD, EV 103.8 MPH)
Batting: RHB Luis Flores 0-0: Called Strike
0-1: Ball
1-1: Foul Ball, location: 2F
1-2: Strikes out swinging
Batting: RHB Oscar Munoz 0-0: SOLO HOME RUN (Flyball, 7D, EV 99.4 MPH), Distance : 389 ft
Batting: LHB Jason Trevarrow 0-0: Ball
1-0: Fly out, F9 (Line Drive, 9, EV 86.9 MPH)
Bottom of the 8th over - 1 run, 1 hit, 0 errors, 0 left on base; University of Maine 8 - Oregon State University 3
TOP OF THE 9TH
University of Maine Black Bears batting - Pitching for Oregon State University Beavers : RHP Josh Palmquist
Batting: RHB Pita Arnurna 0-0: Ground out 4-3 (Groundball, 4, EV 86.9 MPH)
Batting: LHB John Bergeron 0-0: Ball
1-0: Ball
2-0: Ball
3-0: Called Strike
3-1: Called Strike
3-2: Foul Ball, location: 2F
3-2: Strikes out swinging
Batting: RHB Justin Degon 0-0: Ball
1-0: Called Strike
1-1: Ball
2-1: Called Strike
2-2: Ground out 4-3 (Groundball, 4, EV 76.2 MPH)
Top of the 9th over - 0 runs, 0 hits, 0 errors, 0 left on base; University of Maine 8 - Oregon State University 3
BOTTOM OF THE 9TH
Oregon State University Beavers batting - Pitching for University of Maine Black Bears : RHP Shizue Morimoto
Batting: LHB Jon Hamilton 0-0: Ground out 4-3 (Groundball, 4M, EV 85.6 MPH)
Batting: SHB Manny Zatarain 0-0: Called Strike
0-1: Foul Ball, location: 2F
0-2: Foul Ball, location: 2F
0-2: Foul Ball, location: 2F
0-2: Ball
1-2: Fly out, F9 (Flyball, 9LSF, EV 88.8 MPH)
Batting: RHB Kyle McCunn 0-0: Ball
1-0: Foul Ball, location: 2F
1-1: Called Strike
1-2: Ball
2-2: Ball
3-2: Foul Ball, location: 2F
3-2: Strikes out swinging
Bottom of the 9th over - 0 runs, 0 hits, 0 errors, 0 left on base; University of Maine 8 - Oregon State University 3
Tuesday, March 28th , 2023 - OOTP Baseball 23.10 Build 110